[Event "Titled Tuesday Blitz April 4 Early 2023"]
[White "I_KID_you_not"]
[Black "Thecourseoisildur"]
[WhiteElo "2333"]
[BlackElo "2502"]
[Result "1-0"]
[Round "07"]
[TimeControl "180+2"]
[Date "2023.04.04"]
[WhiteClock "0:00:22"]
[BlackClock "0:00:15"]

1. e4 c5 2. Nc3 Nc6 3. Bb5 Nd4 4. Nf3 Nxb5 5. Nxb5 d6 6. d4 Nf6 7. Qd3 a6 8. Nc3 cxd4 9. Nxd4 e5 10. Nf5 d5 11. Nxd5 Nxd5 12. exd5 Bxf5 13. Qxf5 Qxd5 14. O-O Bd6 15. Be3 O-O 16. Rfd1 Qc6 17. c4 Rfe8 18. g3 Bf8 19. b3 a5 20. Qd7 Qg6 21. Qxb7 h5 22. h4 Be7 23. Qg2 e4 24. Rd5 f5 25. Rad1 Red8 26. Qh3 Rxd5 27. Rxd5 Rf8 28. Kh2 a4 29. c5 a3 30. Rd7 Bf6 31. c6 Be5 32. c7 Qe6 33. Rd8 Bxc7 34. Rxf8+ Kxf8 35. Bc5+ Kf7 36. Bxa3 g6 37. Qf1 e3 38. fxe3 Qe5 39. Qf2 Qe4 40. Bb2 Qxh4+ 41. Kg2 Qe4+ 42. Qf3 Qc2+ 43. Qf2 Qe4+ 44. Qf3 Qb1 45. Qf2 Bb6 46. Bd4 Qe4+ 47. Qf3 Qc2+ 48. Qf2 Qc6+ 49. Qf3 Qc2+ 50. Qf2 Qc7 51. Bxb6 Qxb6 52. Qf3 Qa5 53. a4 Qd2+ 54. Kh3 Qe1 55. e4 Kg7 56. exf5 g5 57. Qxh5 Qh1+ 58. Kg4 Qd1+ 59. Kxg5 Qxh5+ 60. Kxh5 Kf6 61. g4 Ke5 62. g5 Kxf5 63. g6 Ke5 64. Kh6 Kd4 65. g7 Kc3 66. g8=Q Kb4 67. Qc4+ Ka3 68. a5 Kb2 69. b4 Ka3 70. b5 Kb2 71. b6 Ka3 72. a6 Kb2 73. a7 Ka3 74. b7 Kb2 75. a8=N Ka3 76. b8=N Kb2 77. Qd3 Ka1 78. Qe2 Kb1 79. Nb6 Ka1 80. Nc4 Kb1 81. Qb2# 1-0


[Site "https://www.chess.com"]

[Event "Titled Tuesday Blitz April 4 Early 2023"]
[White "Golubev, Mikhail"]
[Black "Fernandez Siles, Luis"]
[WhiteFideId "14100983"]
[BlackFideId "2209420"]
[WhiteElo "2374"]
[BlackElo "2195"]
[Result "1/2-1/2"]
[Round "07"]
[TimeControl "180+2"]
[Date "2023.04.04"]
[WhiteClock "0:00:02"]
[BlackClock "0:00:14"]

1. e4 c5 2. Nf3 Nc6 3. Nc3 g6 4. d4 cxd4 5. Nxd4 Bg7 6. Be3 Nf6 7. Nxc6 bxc6 8. e5 Ng8 9. Bd4 Qa5 10. f4 Nh6 11. e6 f6 12. exd7+ Bxd7 13. Bc4 Rd8 14. Qe2 Bg4 15. Qe4 Nf5 16. Qxc6+ Kf8 17. Bc5 Nd6 18. Bxd6 Rxd6 19. Qe4 f5 20. Qe3 Bd4 21. Qg3 h5 22. h4 Kg7 23. Rd1 Rc8 24. Rxd4 Rxd4 25. Bd3 Rxc3 26. bxc3 Qxc3+ 27. Kf2 Qd2+ 28. Kg1 Rxf4 29. Kh2 Rf2 30. Qe5+ Kf8 31. Qh8+ Kf7 32. Bc4+ e6 33. Qh7+ Kf8 34. Qh8+ Kf7 35. Qh7+ Kf8 36. Qh8+ Ke7 37. Qg7+ Kd6 38. Qf8+ Ke5 39. Qb8+ Kf6 40. Qf8+ Ke5 41. Qb8+ Kf6 42. Qf8+ Ke5 1/2-1/2


[Site "https://www.chess.com"]

[Event "Titled Tuesday Blitz April 4 Early 2023"]
[White "Reprintsev, Alexander"]
[Black "ibove"]
[WhiteFideId "14100541"]
[WhiteElo "2211"]
[BlackElo "2322"]
[Result "1-0"]
[Round "07"]
[TimeControl "180+2"]
[Date "2023.04.04"]
[WhiteClock "0:02:05"]
[BlackClock "0:01:27"]

1. e4 c5 2. b3 d6 3. Bb2 Nc6 4. f4 e5 5. Qf3 Nf6 6. Bb5 Qc7 7. Nc3 Bd7 8. Bxc6 Bxc6 9. d3 Be7 10. Nge2 O-O-O 11. O-O h6 12. fxe5 dxe5 13. Ng3 g6 14. Rf2 Rhf8 15. Nf1 Nh5 16. Ne3 f5 17. Ned5 Bxd5 18. Nxd5 Rxd5 19. exd5 Bh4 20. g3 Bf6 21. c4 f4 22. Re1 fxg3 23. hxg3 Bg7 24. Qg4+ Kb8 25. Rxf8+ Bxf8 26. Qxg6 1-0


[Site "https://www.chess.com"]

[Event "Titled Tuesday Blitz April 4 Early 2023"]
[White "KorolDimitriy75"]
[Black "Fuzesabonyilaci"]
[WhiteElo "2447"]
[BlackElo "2306"]
[Result "0-1"]
[Round "07"]
[TimeControl "180+2"]
[Date "2023.04.04"]
[WhiteClock "0:00:01"]
[BlackClock "0:00:19"]

1. d4 e6 2. c4 d5 3. Nc3 Nf6 4. Bg5 dxc4 5. e4 h6 6. Bxf6 Qxf6 7. Bxc4 Bb4 8. Nf3 O-O 9. O-O Bxc3 10. bxc3 b6 11. Qe2 Bb7 12. Ne5 Qe7 13. Rfe1 Nd7 14. Nxd7 Qxd7 15. Rad1 Qe7 16. h3 Rad8 17. Ba6 Bxa6 18. Qxa6 c6 19. a4 Qc7 20. Rd3 Rfe8 21. Red1 Re7 22. c4 Qf4 23. f3 Red7 24. Kh1 Qf6 25. d5 exd5 26. cxd5 cxd5 27. exd5 Qe5 28. d6 Qc5 29. Qb5 Qxb5 30. axb5 f6 31. Kg1 Kf7 32. Kf2 Rc8 33. Kg3 Rc5 34. Rb3 Ke6 35. Re3+ Re5 0-1


[Site "https://www.chess.com"]

[Event "Titled Tuesday Blitz April 4 Early 2023"]
[White "Kubatko, Ivan"]
[Black "Kohler, Aran"]
[WhiteFideId "24111473"]
[BlackFideId "1002856"]
[WhiteElo "2285"]
[BlackElo "2300"]
[Result "1-0"]
[Round "07"]
[TimeControl "180+2"]
[Date "2023.04.04"]
[WhiteClock "0:00:04"]
[BlackClock "0:00:03"]

1. e4 c6 2. d4 d5 3. exd5 cxd5 4. c4 Nf6 5. Nc3 Nc6 6. Bg5 e6 7. Nf3 Be7 8. Bd3 dxc4 9. Bxc4 Nd5 10. Bxe7 Ncxe7 11. O-O O-O 12. Ne5 Nxc3 13. bxc3 Ng6 14. f4 Bd7 15. Qf3 Rc8 16. Bb3 Nxe5 17. fxe5 Bc6 18. Qg3 g6 19. Rf6 Be4 20. Re1 Bf5 21. d5 Qb6+ 22. Kh1 Qa5 23. Re3 Qa3 24. h4 Qc1+ 25. Kh2 Kh8 26. h5 Rg8 27. h6 Rgf8 28. dxe6 fxe6 29. Bxe6 Bxe6 30. Rxe6 Rc4 31. Rf6 Re8 32. Ref3 Qa3 33. e6 Qe7 34. R3f4 Rxf4 35. Qxf4 1-0


[Site "https://www.chess.com"]

[Event "Titled Tuesday Blitz April 4 Early 2023"]
[White "Rose, Felix"]
[Black "Maxfan2008"]
[WhiteFideId "5105722"]
[WhiteElo "2039"]
[BlackElo "2418"]
[Result "0-1"]
[Round "07"]
[TimeControl "180+2"]
[Date "2023.04.04"]
[WhiteClock "0:00:01"]
[BlackClock "0:00:44"]

1. e4 c5 2. Nf3 d6 3. d4 cxd4 4. Nxd4 Nf6 5. Nc3 a6 6. Be3 e5 7. Nb3 Be6 8. f3 Be7 9. Qd2 O-O 10. O-O-O Nbd7 11. g4 b5 12. g5 b4 13. gxf6 bxc3 14. Qxc3 Nxf6 15. Na5 Rc8 16. Nc6 Qe8 17. Nxe7+ Qxe7 18. Qa5 d5 19. exd5 Nxd5 20. Rxd5 Bxd5 21. Qxd5 Rfd8 22. Qe4 Qe6 23. Bd3 g6 24. Kb1 a5 25. h4 f5 26. Qb7 Rb8 27. Qa7 Ra8 28. Qc7 Rdc8 29. Qb7 Rab8 30. Qa7 Ra8 31. Qb7 Rab8 32. Qa7 Qd6 33. Bh6 Qf6 34. Bc4+ Kh8 35. Rd1 e4 0-1


[Site "https://www.chess.com"]

[Event "Titled Tuesday Blitz April 4 Early 2023"]
[White "Omariev, Maksim"]
[Black "Qashashvili, Alexandre"]
[WhiteFideId "4193423"]
[BlackFideId "13600842"]
[WhiteElo "2417"]
[BlackElo "2405"]
[Result "0-1"]
[Round "07"]
[TimeControl "180+2"]
[Date "2023.04.04"]
[WhiteClock "0:00:01"]
[BlackClock "0:00:57"]

1. h4 c6 2. h5 h6 3. d4 d5 4. c3 Bf5 5. Bf4 e6 6. e3 Bd6 7. Ne2 Bxf4 8. Nxf4 Nf6 9. Nd2 Ne4 10. Be2 Nxd2 11. Qxd2 Nd7 12. g4 Bh7 13. O-O Nf6 14. f3 Qd6 15. c4 O-O 16. c5 Qc7 17. Kg2 e5 18. Nd3 e4 19. Ne5 exf3+ 20. Bxf3 Nd7 21. Nd3 Nf6 22. Nf4 Qd7 23. Rg1 Nxg4 24. Kf1 Nh2+ 25. Qxh2 Rae8 26. Ke2 Re7 27. Kd2 Rfe8 28. Rae1 Qf5 29. Bd1 Qb1 30. Ke2 Qxb2+ 31. Kf1 Qxh2 32. Re2 Qxf4+ 33. exf4 Bd3 34. Rg2 Re4 35. f5 Rf4+ 36. Ke1 Bxe2 37. Bxe2 Rxf5 38. Kd2 Rf4 39. Kc3 Re3+ 40. Kd2 Ree4 41. Bd3 Rxd4 42. Kc3 Ra4 43. Re2 Kf8 44. Kb3 Rh4 45. Bb1 Rab4+ 0-1


[Site "https://www.chess.com"]

[Event "Titled Tuesday Blitz April 4 Early 2023"]
[White "Kashtanov, Ruslan"]
[Black "Levitan, Caleb Levi"]
[WhiteFideId "4124871"]
[BlackFideId "14332620"]
[WhiteElo "2276"]
[BlackElo "1963"]
[Result "1-0"]
[Round "07"]
[TimeControl "180+2"]
[Date "2023.04.04"]
[WhiteClock "0:00:04"]
[BlackClock "0:00:08"]

1. d4 d5 2. c4 e6 3. Nf3 Nf6 4. g3 dxc4 5. Bg2 Bb4+ 6. Bd2 c5 7. dxc5 Bxc5 8. O-O O-O 9. Qc2 Nbd7 10. Qxc4 a6 11. Nc3 b5 12. Qh4 Bb7 13. Rfd1 Qb6 14. Be1 Rfd8 15. Rac1 Rac8 16. b4 Be7 17. a4 Nd5 18. Nxd5 Bxh4 19. Nxb6 Nxb6 20. Nxh4 Bxg2 21. Kxg2 Nxa4 22. Rxd8+ Rxd8 23. Rc6 g6 24. Rxa6 Rd1 25. Nf3 e5 26. e4 Kg7 27. Bd2 f6 28. Ra7+ Kg8 29. Bh6 Rd8 30. Rg7+ Kh8 31. Rf7 Nc3 32. Nd2 Na2 33. Rxf6 Nxb4 34. Nf3 Nd3 35. Ng5 Kg8 36. Ne6 Rb8 37. Nc7 b4 38. Nd5 b3 39. Nc3 b2 40. Nb1 Nc5 41. f3 Nd7 42. Rd6 Nc5 43. Kh3 Na4 44. Rd3 Rc8 45. Ra3 Rc1 46. Rxa4 Rxb1 47. Rb4 Kf7 48. Rb6 Ke7 49. Kg4 Kf7 50. Kg5 Ke7 51. g4 Kf7 52. h4 Ke7 53. Rb5 Ke6 54. Rb6+ Ke7 55. Bg7 Kf7 56. Bxe5 h6+ 57. Kxh6 Rh1 58. Rxb2 Rxh4+ 59. Kg5 Rxg4+ 60. Kxg4 Ke6 61. f4 Kd7 62. Rb5 g5 63. Rd5+ Ke6 64. Kxg5 Kf7 65. Rd6 Ke8 66. Kf6 1-0


[Site "https://www.chess.com"]

[Event "Titled Tuesday Blitz April 4 Early 2023"]
[White "Goncalves, Davi Sulzbacher"]
[Black "Orujov2008"]
[WhiteFideId "2154510"]
[WhiteElo "2182"]
[BlackElo "2282"]
[Result "0-1"]
[Round "07"]
[TimeControl "180+2"]
[Date "2023.04.04"]
[WhiteClock "0:00:04"]
[BlackClock "0:00:06"]

1. Nf3 Nf6 2. e3 d5 3. d4 c5 4. b3 Nc6 5. Bb2 cxd4 6. Nxd4 Bg4 7. Be2 Bxe2 8. Qxe2 e6 9. O-O Bd6 10. Rd1 O-O 11. c4 Nxd4 12. Bxd4 dxc4 13. bxc4 Qe7 14. Nc3 Rfd8 15. Qf3 b6 16. Nb5 Bc5 17. Bxf6 Qxf6 18. Qxf6 gxf6 19. Rxd8+ Rxd8 20. Nxa7 Rd2 21. a4 Rc2 22. g3 Rxc4 23. a5 bxa5 24. Rxa5 Rc1+ 25. Kg2 Rc2 26. Kf3 f5 27. Nc6 Kg7 28. Ne5 Bd6 29. Nd3 Kf6 30. Nf4 Bb4 31. Ra6 Be1 32. Nh3 h6 33. Ra4 h5 34. Rh4 Kg6 35. Kg2 e5 36. Kf1 Ba5 37. Ra4 Bb6 38. Ra6 Rb2 39. Ng1 f6 40. Nf3 f4 41. gxf4 exf4 42. Ne1 fxe3 43. fxe3 Bxe3 44. Nd3 Rxh2 45. Nb4 Rf2+ 46. Ke1 h4 47. Nd5 Bd4 48. Ra4 Bc5 49. Rc4 Ba7 50. Rxh4 Ra2 51. Rg4+ Kf5 52. Rg7 Ke5 53. Ne7 Ra1+ 54. Ke2 Bc5 55. Nc6+ Kf5 56. Ne7+ Ke6 57. Ng6 Ra2+ 58. Kf3 Ra1 59. Kg3 Rg1+ 60. Kh3 Bd4 61. Nf4+ Kf5 62. Rxg1 Bxg1 63. Ng2 Bf2 64. Kh2 Ke4 65. Kh3 Kf3 66. Kh2 f5 67. Kh3 Bg3 68. Ne3 Kxe3 69. Kg2 f4 70. Kf1 f3 71. Kg1 Bb8 72. Kf1 f2 73. Kg2 Ke2 0-1


[Site "https://www.chess.com"]

[Event "Titled Tuesday Blitz April 4 Early 2023"]
[White "Makhmudov, Shukhrat"]
[Black "Deuer, Marius"]
[WhiteFideId "14200775"]
[BlackFideId "16236432"]
[WhiteElo "2135"]
[BlackElo "2163"]
[Result "0-1"]
[Round "07"]
[TimeControl "180+2"]
[Date "2023.04.04"]
[WhiteClock "0:01:58"]
[BlackClock "0:01:51"]

1. e4 g6 2. d4 Bg7 3. Nc3 d6 4. Be3 Nf6 5. f3 O-O 6. Qd2 c5 7. Nge2 Nc6 8. dxc5 d5 9. exd5 Nb4 10. d6 Bf5 11. Nd4 exd6 12. Nxf5 gxf5 13. cxd6 Re8 14. O-O-O Qa5 15. a3 Rac8 16. Bh6 Rxc3 17. Qxc3 Na2+ 18. Kb1 Nxc3+ 19. bxc3 Bxh6 20. d7 Rd8 21. Bc4 Qxc3 22. Bb3 Bg7 23. Rhe1 Ne4 0-1


[Site "https://www.chess.com"]

[Event "Titled Tuesday Blitz April 4 Early 2023"]
[White "babbilator"]
[Black "Kopczynski, Michal"]
[BlackFideId "1124200"]
[WhiteElo "2260"]
[BlackElo "2212"]
[Result "0-1"]
[Round "07"]
[TimeControl "180+2"]
[Date "2023.04.04"]
[WhiteClock "0:00:43"]
[BlackClock "0:02:04"]

1. e4 c5 2. Nc3 g6 3. Nf3 Bg7 4. Bc4 d6 5. d4 cxd4 6. Nxd4 Nc6 7. Be3 Nf6 8. f3 O-O 9. Qd2 Bd7 10. Bb3 Rc8 11. g4 h5 12. h3 Ne5 13. O-O-O Nc4 14. Bxc4 Rxc4 15. Nd5 Nxd5 16. exd5 h4 17. b3 Rc8 18. Bh6 a5 19. Bxg7 Kxg7 20. Kb1 a4 21. Rhe1 axb3 22. cxb3 Rc5 23. b4 Rxd5 24. Nf5+ Bxf5+ 0-1


[Site "https://www.chess.com"]

[Event "Titled Tuesday Blitz April 4 Early 2023"]
[White "Gatterer, Florian"]
[Black "De Souza, Cristiano Gomes"]
[WhiteFideId "811688"]
[BlackFideId "2151758"]
[WhiteElo "2221"]
[BlackElo "2068"]
[Result "1-0"]
[Round "07"]
[TimeControl "180+2"]
[Date "2023.04.04"]
[WhiteClock "0:00:20"]
[BlackClock "0:02:14"]

1. c4 Nf6 2. Nf3 g6 3. b3 Bg7 4. Bb2 O-O 5. g3 d6 6. d4 c6 7. Bg2 Nbd7 8. O-O Ne4 9. Nbd2 Ndf6 10. Nxe4 Nxe4 11. Nd2 Nxd2 12. Qxd2 Qc7 13. e4 e5 14. d5 c5 15. f4 exf4 16. gxf4 f5 17. e5 dxe5 18. d6 Qd8 19. Bxe5 Be6 20. Bxb7 Rb8 21. Bd5 Qd7 22. Rfe1 Rfe8 23. Rad1 Rb6 24. Bxe6+ Rxe6 25. Qd5 Bxe5 26. Rxe5 Kf7 27. Rxe6 Qxe6 28. d7 Qxd5 29. Rxd5 1-0


[Site "https://www.chess.com"]

[Event "Titled Tuesday Blitz April 4 Early 2023"]
[White "Vemparala, Nikash"]
[Black "Okike, David"]
[WhiteFideId "30960967"]
[BlackFideId "8500134"]
[WhiteElo "2023"]
[BlackElo "2232"]
[Result "1-0"]
[Round "07"]
[TimeControl "180+2"]
[Date "2023.04.04"]
[WhiteClock "0:00:13"]
[BlackClock "0:00:23"]

1. e4 c5 2. Nf3 Nc6 3. Bb5 g6 4. Bxc6 bxc6 5. O-O Bg7 6. d3 d6 7. h3 Nh6 8. Nc3 O-O 9. Be3 f5 10. Qd2 Nf7 11. d4 cxd4 12. Nxd4 Qc7 13. exf5 gxf5 14. Rfe1 e5 15. Nb3 f4 16. Bxf4 exf4 17. Qxf4 Qb6 18. Ne4 Ne5 19. Qg3 d5 20. Nec5 Ng6 21. h4 Qb8 22. Qg5 Qf4 23. Qxf4 Nxf4 24. Re7 Bxb2 25. Rae1 Bf6 26. Rc7 Ng6 27. h5 Ne5 28. h6 Bf5 29. Nd4 Bg6 30. Nxc6 Nxc6 31. Rxc6 Rac8 32. Ree6 Rxc6 33. Rxc6 Bxc2 34. Nd7 Ba4 35. Nxf6+ Kf7 36. Ra6 Bb5 37. Rd6 Bc4 38. Nxh7 Rh8 39. Ng5+ Ke7 40. Rg6 Bxa2 41. h7 Bb1 42. Rg8 Rxh7 43. Nxh7 d4 44. Rg3 Bxh7 45. Ra3 d3 46. Rxa7+ Kd8 47. Kf1 Be4 48. f3 Bf5 49. Ke1 Kc8 50. Kd2 Kb8 51. Rg7 Kc8 52. g4 Be6 53. Kxd3 Kd8 54. Kd4 Ke8 55. Ke5 Bf7 56. Rxf7 Kxf7 57. Kf5 Kg7 58. f4 Kh7 59. g5 Kg7 60. Kg4 Kh7 61. f5 Kg7 62. Kf4 Kh7 63. Ke5 Kg7 64. g6 Kh6 65. Kf6 Kh5 66. g7 1-0


[Site "https://www.chess.com"]

[Event "Titled Tuesday Blitz April 4 Early 2023"]
[White "Manukian, Artak"]
[Black "Grabinsky, Vladimir"]
[WhiteFideId "13301373"]
[BlackFideId "14107074"]
[WhiteElo "2130"]
[BlackElo "2027"]
[Result "1-0"]
[Round "07"]
[TimeControl "180+2"]
[Date "2023.04.04"]
[WhiteClock "0:00:13"]
[BlackClock "0:00:02"]

1. e4 c5 2. Nf3 Nc6 3. c3 Nf6 4. e5 Nd5 5. d4 cxd4 6. cxd4 d6 7. Nc3 dxe5 8. dxe5 Nxc3 9. Qxd8+ Nxd8 10. bxc3 Bg4 11. Nd4 Rc8 12. Be3 a6 13. Kd2 e6 14. a4 Bc5 15. f4 Ke7 16. h3 Bf5 17. Nxf5+ exf5 18. Bxc5+ Rxc5 19. Bd3 Ne6 20. g3 Rd8 21. Rhd1 g6 22. Kc2 Rdc8 23. Ra3 R8c7 24. Kb2 h5 25. h4 Rd7 26. Be2 Rxd1 27. Bxd1 Rd5 28. Kc2 Nc5 29. Be2 Rd7 30. c4 Ne4 31. Rd3 Rxd3 32. Kxd3 Nxg3 33. Bf3 b6 34. Ke3 Nf1+ 35. Kd3 Nh2 36. Bb7 a5 37. Kd4 Nf1 38. c5 bxc5+ 39. Kxc5 Ne3 40. Kb5 f6 41. exf6+ Kxf6 42. Kxa5 1-0


[Site "https://www.chess.com"]

[Event "Titled Tuesday Blitz April 4 Early 2023"]
[White "hsd2016"]
[Black "Rios Escobar, Adan"]
[BlackFideId "3403645"]
[WhiteElo "2050"]
[BlackElo "2402"]
[Result "0-1"]
[Round "07"]
[TimeControl "180+2"]
[Date "2023.04.04"]
[WhiteClock "0:00:03"]
[BlackClock "0:00:06"]

1. e4 c5 2. c4 Nc6 3. Nc3 g6 4. g3 Bg7 5. Bg2 d6 6. Nge2 e5 7. d3 Nge7 8. O-O O-O 9. h3 h6 10. Kh2 f5 11. f4 a6 12. a4 Rb8 13. Be3 Nd4 14. Bf2 Be6 15. Nxd4 cxd4 16. Nd5 b5 17. axb5 axb5 18. b3 Nc6 19. exf5 Bxf5 20. Ra6 Ne7 21. g4 Bc8 22. Ra7 Nxd5 23. Bxd5+ Kh8 24. Bg3 bxc4 25. fxe5 cxb3 26. exd6 b2 27. Rxf8+ Qxf8 28. Qb1 Qe8 29. Re7 Qb5 30. Bc4 Qc6 31. d7 Bb7 32. Re4 Rf8 33. Qxb2 Qxd7 34. Rf4 Rxf4 35. Bxf4 Qc6 36. Qf2 Qh1+ 37. Kg3 g5 38. Bd6 Qc6 39. Bb8 Ba8 40. Kh2 Qh1+ 41. Kg3 Qb7 42. Bd6 Qc6 43. Bb8 Bb7 44. Kh2 Bf6 45. Bg3 Qh1# 0-1


[Site "https://www.chess.com"]

[Event "Titled Tuesday Blitz April 4 Early 2023"]
[White "Jovic, Stanoje"]
[Black "Arat, Ufuk Sezen"]
[WhiteFideId "905020"]
[BlackFideId "6309089"]
[WhiteElo "2236"]
[BlackElo "2289"]
[Result "0-1"]
[Round "07"]
[TimeControl "180+2"]
[Date "2023.04.04"]
[WhiteClock "0:00:06"]
[BlackClock "0:01:13"]

1. c4 Nf6 2. g3 g6 3. Bg2 c6 4. Nf3 Bg7 5. O-O O-O 6. Nc3 d5 7. cxd5 cxd5 8. d4 Nc6 9. Ne5 Bf5 10. f4 Qb6 11. e3 e6 12. b3 Rac8 13. Ba3 Rfd8 14. Rc1 Qa6 15. Bb2 Nxe5 16. fxe5 Ng4 17. Qd2 Bh6 18. Rfe1 Qd3 19. Qxd3 Bxd3 20. Nd1 Rxc1 21. Bxc1 Rc8 22. Ba3 Rc2 23. h3 Rxa2 24. Be7 Re2 25. Rxe2 Bxe2 26. hxg4 Bxd1 27. g5 Bf8 28. Bxf8 Kxf8 29. b4 b6 30. Kf2 a5 31. Ke1 Bb3 32. bxa5 bxa5 33. Kd2 Kg7 34. Kc3 a4 35. Bf1 h6 36. gxh6+ Kxh6 37. Bb5 Kg5 38. Be8 f6 39. exf6 Kxf6 40. g4 Bd1 41. Kb4 Bxg4 42. Kxa4 Be2 43. Kb4 g5 44. Kc3 g4 45. Kd2 Bc4 46. Ke1 g3 47. Bd7 Kf5 48. Bc8 Ke4 49. Bxe6 Kxe3 50. Bh3 Kxd4 51. Kd2 Ke4 52. Bg2+ Kf4 53. Bh1 d4 54. Bg2 Ke5 0-1


[Site "https://www.chess.com"]

[Event "Titled Tuesday Blitz April 4 Early 2023"]
[White "Bas Mas, Jose Joaquin"]
[Black "Nugumanov, Bakhtiyar"]
[WhiteFideId "22219064"]
[BlackFideId "13701797"]
[WhiteElo "2233"]
[BlackElo "2209"]
[Result "1-0"]
[Round "07"]
[TimeControl "180+2"]
[Date "2023.04.04"]
[WhiteClock "0:01:23"]
[BlackClock "0:00:15"]

1. e4 d6 2. d4 Nf6 3. Nc3 e5 4. dxe5 dxe5 5. Qxd8+ Kxd8 6. Bc4 Ke8 7. f3 Bc5 8. Nge2 c6 9. Bg5 b5 10. Bb3 a5 11. a4 b4 12. Nd1 Nbd7 13. Bc4 h6 14. Be3 Ke7 15. h4 Bxe3 16. Nxe3 Nb6 17. b3 Be6 18. Bxe6 fxe6 19. Nc1 Nfd7 20. Nd3 c5 21. Ng4 c4 22. Ndxe5 cxb3 23. cxb3 Rac8 24. Ng6+ Kf7 25. Nxh8+ Rxh8 26. Ke2 h5 27. Ne3 Nc5 28. Rab1 Ke7 29. Rhc1 Nbd7 30. Nc4 Ra8 31. Ne5 Nxe5 32. Rxc5 Kf6 33. f4 1-0


[Site "https://www.chess.com"]

[Event "Titled Tuesday Blitz April 4 Early 2023"]
[White "Clawitter, Craig"]
[Black "Vivas Zamora, Fabian Ernesto"]
[WhiteFideId "2023105"]
[BlackFideId "3902480"]
[WhiteElo "2237"]
[BlackElo "2262"]
[Result "0-1"]
[Round "07"]
[TimeControl "180+2"]
[Date "2023.04.04"]
[WhiteClock "0:00:01"]
[BlackClock "0:00:04"]

1. e4 c5 2. Nf3 d6 3. d4 cxd4 4. Nxd4 Nf6 5. Nc3 a6 6. Be3 e5 7. Nb3 Be7 8. f3 Be6 9. Qd2 h5 10. Be2 Nbd7 11. Nd5 Nxd5 12. exd5 Bf5 13. O-O h4 14. c4 Nf6 15. Na5 Qc7 16. Rac1 e4 17. b4 O-O 18. Nb3 Bg6 19. Bg5 Rfe8 20. Bxh4 e3 21. Qd4 Nd7 22. Bxe7 Rxe7 23. c5 Rae8 24. c6 Nf6 25. Na5 b6 26. Nc4 b5 27. Na5 Re5 28. a4 Rxd5 29. Qh4 Rd2 30. Rfe1 Nd5 31. axb5 Nxb4 32. bxa6 Qxa5 33. c7 Nc2 34. Qc4 Bf5 35. Qc6 Rc8 36. Bd3 Nxe1 37. Bxf5 Rxg2+ 38. Kh1 Rxh2+ 39. Kxh2 Qd2+ 40. Kg3 Qg2+ 41. Kf4 Rxc7 42. Qxc7 Qxf3+ 0-1


[Site "https://www.chess.com"]

[Event "Titled Tuesday Blitz April 4 Early 2023"]
[White "Toktomushev, Teimur"]
[Black "Mikhaylova, Irina"]
[WhiteFideId "14176726"]
[BlackFideId "4109040"]
[WhiteElo "2116"]
[BlackElo "1975"]
[Result "1-0"]
[Round "07"]
[TimeControl "180+2"]
[Date "2023.04.04"]
[WhiteClock "0:00:05"]
[BlackClock "0:00:23"]

1. d4 Nf6 2. c4 g6 3. Nc3 d5 4. cxd5 Nxd5 5. e4 Nxc3 6. bxc3 Bg7 7. Be3 c5 8. Qd2 O-O 9. Nf3 Qa5 10. Rc1 cxd4 11. cxd4 Qxd2+ 12. Nxd2 b6 13. Be2 Ba6 14. f3 Rd8 15. Nb3 Bxe2 16. Kxe2 Na6 17. d5 Rac8 18. Nd4 Bxd4 19. Bxd4 f6 20. a3 Kf7 21. Ke3 e6 22. dxe6+ Kxe6 23. h4 Nc5 24. h5 Nb3 25. Rxc8 Rxc8 26. hxg6 hxg6 27. Rh6 Nxd4 28. Kxd4 g5 29. e5 Rf8 30. Rxf6+ Rxf6 31. exf6 Kxf6 32. Kd5 Kf5 33. g3 b5 34. Kc5 Ke5 35. Kxb5 Kd4 36. Ka6 Ke3 37. f4 g4 38. f5 Kf3 39. f6 Kxg3 40. f7 Kh2 41. f8=Q g3 42. Qh6+ Kg1 43. Qe3+ Kg2 44. Kxa7 Kh2 45. Kb6 g2 46. Qf2 Kh3 47. Qf3+ Kh2 48. Qf2 Kh3 49. Qxg2+ Kxg2 50. a4 Kf3 51. a5 1-0


[Site "https://www.chess.com"]

[Event "Titled Tuesday Blitz April 4 Early 2023"]
[White "Thiel, Thomas"]
[Black "Rian, Kapriaga"]
[WhiteFideId "4615964"]
[BlackFideId "7103263"]
[WhiteElo "2224"]
[BlackElo "2349"]
[Result "0-1"]
[Round "07"]
[TimeControl "180+2"]
[Date "2023.04.04"]
[WhiteClock "0:02:06"]
[BlackClock "0:01:51"]

1. e4 c6 2. d4 d5 3. exd5 cxd5 4. c4 Nf6 5. Nc3 g6 6. Qb3 Bg7 7. cxd5 O-O 8. Be2 Nbd7 9. Nh3 Nb6 10. Nf4 Bf5 11. O-O Qd7 12. Bb5 Qd6 13. Re1 Rfd8 14. h3 g5 15. Nh5 0-1


[Site "https://www.chess.com"]

[Event "Titled Tuesday Blitz April 4 Early 2023"]
[White "Kiseleva, Arina"]
[Black "Mirzanurov, Bulat"]
[WhiteFideId "4164989"]
[BlackFideId "4184521"]
[WhiteElo "1708"]
[BlackElo "2019"]
[Result "1-0"]
[Round "07"]
[TimeControl "180+2"]
[Date "2023.04.04"]
[WhiteClock "0:00:33"]
[BlackClock "0:01:15"]

1. d4 d5 2. Nf3 Nf6 3. e3 c5 4. Bd3 e6 5. O-O Nc6 6. b3 cxd4 7. exd4 Bd6 8. Re1 O-O 9. Bb2 Qc7 10. a3 a6 11. Nbd2 b5 12. Ne5 Bb7 13. Qf3 Rac8 14. Qh3 h6 15. Re3 Nd7 16. f4 f6 17. Qxe6+ Kh8 18. Ng6+ Kh7 19. Nxf8+ Kh8 20. Nxd7 Bxf4 21. Qe8+ Rxe8 22. Rxe8# 1-0


[Site "https://www.chess.com"]

[Event "Titled Tuesday Blitz April 4 Early 2023"]
[White "Larina, Maria"]
[Black "Romero Ruscalleda, Josep"]
[WhiteFideId "24113182"]
[BlackFideId "2231859"]
[WhiteElo "1848"]
[BlackElo "2183"]
[Result "0-1"]
[Round "07"]
[TimeControl "180+2"]
[Date "2023.04.04"]
[WhiteClock "0:00:39"]
[BlackClock "0:01:11"]

1. e4 g6 2. d4 Bg7 3. Nc3 d6 4. Be3 a6 5. f3 b5 6. Qd2 Bb7 7. h4 h5 8. Nh3 Nd7 9. Ng5 Rc8 10. O-O-O c5 11. Kb1 Qa5 12. g4 hxg4 13. fxg4 Ngf6 14. Bg2 Nxg4 15. Bg1 b4 16. Nd5 Bxd5 17. exd5 c4 18. Qf4 Ngf6 19. Re1 b3 20. Bf2 Qxa2+ 21. Kc1 c3 22. Rxe7+ Kxe7 23. Re1+ Kf8 24. Qxd6+ Kg8 25. Qa3 cxb2+ 26. Qxb2 Rxc2+ 27. Kd1 Qxb2 0-1


[Site "https://www.chess.com"]

[Event "Titled Tuesday Blitz April 4 Early 2023"]
[White "Zampronha, Wladimir Camilo"]
[Black "Pirvulescu, Ekaterina"]
[WhiteFideId "2103087"]
[BlackFideId "13506374"]
[WhiteElo "2176"]
[BlackElo "2006"]
[Result "1-0"]
[Round "07"]
[TimeControl "180+2"]
[Date "2023.04.04"]
[WhiteClock "0:01:16"]
[BlackClock "0:01:00"]

1. e4 Nf6 2. e5 Nd5 3. d4 d6 4. c4 Nb6 5. exd6 cxd6 6. Nc3 g6 7. Be3 Bg7 8. Rc1 O-O 9. b3 Nc6 10. Be2 Bf5 11. Nf3 d5 12. c5 Nc8 13. O-O Bg4 14. h3 Bxf3 15. Bxf3 e6 16. Qd2 N8e7 17. g4 f5 18. Bg2 f4 19. Bxf4 Bxd4 20. Bd6 Bg7 21. Rce1 d4 22. Nb5 e5 23. Nc7 Qd7 24. Nxa8 Rxa8 25. f4 exf4 26. Qxf4 Rf8 27. Qe4 Re8 28. Qe6+ Qxe6 29. Rxe6 d3 30. Bxc6 bxc6 31. Rxe7 Rxe7 32. Bxe7 d2 33. Rd1 Bc3 34. Bg5 Bd4+ 35. Kf1 Bxc5 36. Rxd2 a5 37. Rd7 a4 38. bxa4 1-0


[Site "https://www.chess.com"]